 Dungeon Crawl Stone Soup version 0.22-a0-430-g6609fc6 (webtiles) character file.

30 Gorglomux the Ducker (level 3, -6/19 HPs)
             Began as a Spriggan Berserker on May 27, 2018.
             Was an Initiate of Makhleb.
             Killed by the fiery rage of Trog (25 damage)
             ... on level 4 of the Dungeon.
             The game lasted 00:02:25 (1014 turns).

Gorglomux the Ducker (Spriggan Berserker)           Turns: 1014, Time: 00:02:25

Health: -6/19      AC:  2    Str: 12 (13) XL:     3   Next: 3%
Magic:  4/4        EV: 20    Int:  8      God:    Makhleb [......]
Gold:   4          SH:  0    Dex: 16      Spells: 2/2 levels left

rFire    . . .     SeeInvis +   a - +0 short sword
rCold    . . .     Gourm    .   (shield restricted)
rNeg     . . .     Faith    .   b - +0 animal skin
rPois    .         Spirit   .   (helmet restricted)
rElec    .         Reflect  .   e - scarf {repulsion}
rCorr    .         Harm     .   (gloves unavailable)
MR       .....                  (boots unavailable)
Stlth    +++.......             (no amulet)
HPRegen  0.06/turn              (no ring)
MPRegen  0.09/turn              (no ring)

@: repel missiles, very quick
A: very small, unfitting armour, see invisible, herbivore, speed 3, slow
metabolism 2
a: Renounce Religion


You were on level 4 of the Dungeon.
You worshipped Makhleb.
Makhleb was noncommittal.
You were not hungry.

You visited 1 branch of the dungeon, and saw 4 of its levels.

You collected 4 gold pieces.

Inventory:

Hand Weapons
 a - a +0 short sword (weapon)
Missiles
 f - 23 stones (quivered)
Armour
 b - a +0 animal skin (worn)
 e - a scarf of repulsion (worn)
Jewellery
 d - an uncursed ring of wizardry {unknown}
Scrolls
 h - 3 scrolls of enchant weapon {unknown}
Potions
 g - a potion of magic {unknown}
 i - a potion of cancellation {unknown}
Comestibles
 c - 3 rations


   Skills:
 + Level 2.6 Fighting
 - Level 3.2 Short Blades
 - Level 4.4 Dodging
 - Level 4.0 Stealth


You had 2 spell levels left.
You didn't know any spells.
Your spell library was empty.

Dungeon Overview and Level Annotations

Branches:
Dungeon (4/15)
 Temple: D:4-7

Altars:
Makhleb

Annotations:
D:2 Natasha, Sigmund


Innate Abilities, Weirdness & Mutations

You are very small and have problems with some larger weapons.
You are too small for most types of armour.
You have supernaturally acute eyesight. (SInv)
You are a herbivore.
You cover ground extremely quickly.
You need to consume almost no food.


Message History

The helpless quokka fails to defend itself!
You skewer the quokka like a kebab!!!
You annihilate the quokka!!!
Makhleb roars: ANNIHILATED!
You see here a quokka corpse!
i - a green potion An orc comes into view!
It is wielding a short sword!
An butt is nearby!!!
A butt gecko and an orc wizard come into view!
The orc wizard shouts!!!
The leopard gecko hisses angrily!
An orc comes into view! It is wielding a flail!
You open the door!
There is an open door here!
You close the door!
You start waiting!
You feel Trog's fiery rage upon you!!!
There is a sudden and violent explosion of flames!!!
The fireball engulfs you!!!
DANG rip

#####.# ## #.....# #. #####.###.#
#. #.......#)# #.###.#.#.# #<#
#.#.#.######## ########## ###
#...#.........
#........#########.......########
#........+......@+.......+ ....
#........#########.......## ####
#.#####...................####...
.........................>.....##
#.#####.#############.###.###..#
#.#####.######## #.###.# #..#
.l.............### #.....###..#
#.#.######.......# #.....+....#
#.#.# #.......# #.....###.###


There were no monsters in sight!

Vanquished Creatures
  An adder (D:4)
  A dart slug (D:1)
  An orc (D:4)
  2 goblins (D:1)
  2 hobgoblins
  4 jackals
  A kobold (D:1)
  A quokka (D:4)
  A frilled lizard (D:3)
  A rat (D:1)
15 creatures vanquished.

Notes
Turn   | Place    | Note
-------+----------+-------------------------------------------
     0 | D:1      | Gorglomux the Spriggan Berserker began the quest for the Orb.
     0 | D:1      | Reached XP level 1. HP: 11/11 MP: 2/2
    40 | D:1      | Fell from the grace of Trog
    62 | D:1      | Reached skill level 1 in Stealth
   141 | D:1      | Reached XP level 2. HP: 12/16 MP: 3/3
   199 | D:2      | Found a burning altar of Makhleb.
   219 | D:2      | Reached skill level 3 in Stealth
   228 | D:2      | Became a worshipper of Makhleb the Destroyer
   240 | D:2      | Noticed Sigmund
   245 | D:2      | Noticed Natasha
   642 | D:4      | Reached XP level 3. HP: 11/19 MP: 4/4
  1014 | D:4      | Killed by the fiery rage of Trog

Vault maps used:
D:1:      nzn_arrival_settlement, minmay_ruptured
D:2:      bloody_makhleb, uniq_natasha, uniq_sigmund
D:3:      tso_metal_star, chequers_ecumenical_altar_simple_redux

Skill      XL: |  1  2 |
---------------+-------+-----
Stealth        | 2 4 |  4.0
Fighting       | |  2.6
Short Blades   | |  3.2
Dodging        | |  4.4

Action                   || total
-------------------------++-------
Melee: Short sword       ||    60
Invok: Renounce Religion ||     1
 Stab: Sleeping          ||     3
Armor: Animal skin       ||     5
Dodge: Dodged            ||    73
       Deflected         ||     1

Table legend:
 A = Spawn XP
 B = Non-spawn XP
 C = Spawn XP percentage of total XP
 D = Spawn monster count
 E = Non-spawn monster count
 F = Spawn count percentage of total count
 G = Total turns spent on level
                    A         B        C        D         E        F      G
               +---------+---------+-------+---------+---------+-------+---------
         Total |       0 |      43 |   0.0 |       0 |      15 |   0.0 |  1014
               +---------+---------+-------+---------+---------+-------+---------
           D:1 |       0 |      13 |   0.0 |       0 |       6 |   0.0 |   199
           D:2 |       0 |       2 |   0.0 |       0 |       1 |   0.0 |    48
           D:3 |       0 |       3 |   0.0 |       0 |       2 |   0.0 |   347
           D:4 |       0 |      25 |   0.0 |       0 |       6 |   0.0 |   420
               +---------+---------+-------+---------+---------+-------+---------
